Map: 2000 Atmospheres LE

Players

PiLiPiLi

  • Race: Protoss Protoss

Neeb - Winner!

  • Race: Protoss Protoss

Event: DreamHack SC2 Masters 2021 Fall

VOD

Have the link to the VOD?

Description

Time

  • Played on: Aug. 6, 2021, 5:17 p.m.
  • Length: 8:08

All games in this series

Show
View Real Time Build Order
Export as new Build Order

PiLiPiLi Protoss 

Build Orders: Phoenix Opening, Blink Stalkers, Zealot Archon 

Get SALT Encoding   

  12  0:00  Probe  
  13  0:13  Probe  
  14  0:17  Pylon  
  14  0:25  Probe  
  15  0:36  Gateway  
  15  0:37  Probe (Chrono Boost)  
  16  0:46  Probe (Chrono Boost)  
  16  0:47  Assimilator  
  17  0:51  Probe (Chrono Boost)  
  17  0:55  Assimilator  
  18  1:03  Probe (Chrono Boost)  
  19  1:08  Gateway  
  19  1:15  Probe (Chrono Boost)  
  20  1:20  Probe (Chrono Boost)  
  20  1:25  Cybernetics Core  
  21  1:30  Probe  
  22  1:40  Pylon  
  22  1:42  Probe  
  23  1:58  Probe  
  24  2:01  Stalker  
  24  2:02  Stalker  
  24  2:05  Warp Gate  
  28  2:13  Probe  
  28  2:15  Pylon  
  29  2:22  Pylon  
  29  2:30  Probe  
  29  2:41  Sentry x2  
  33  2:52  Nexus  
  33  2:54  Probe  
  34  3:01  Shield Battery  
  34  3:12  Twilight Council  
  34  3:13  Probe (Chrono Boost)  
  35  3:25  Phoenix, Probe (Chrono Boost)  
  36  3:33  Probe (Chrono Boost)  
  37  3:39  Probe (Chrono Boost)  
  38  3:43  Blink (Chrono Boost)  
  38  3:45  Pylon  
  38  3:51  Probe (Chrono Boost)  
  39  4:02  Probe  
  39  4:04  Dark Shrine  
  39  4:05  Gateway  
  39  4:06  Probe  
  41  4:11  Stalker x2  
  41  4:14  Probe  
  41  4:16  Stalker  
  44  4:18  Probe  
  45  4:25  Stalker  
  45  4:26  Probe  
  45  4:31  Probe  
  49  4:38  Probe  
  50  4:39  Assimilator  
  50  4:41  Assimilator  
  50  4:43  Probe  
  51  4:50  Probe  
  52  4:52  Stalker  
  52  4:53  Stalker  
  52  4:55  Probe  
  57  5:02  Probe  
  58  5:07  Probe  
  59  5:16  Dark Templar  
  62  5:23  Pylon  
  62  5:27  Dark Templar  
  62  5:35  Nexus  
  62  5:36  Robotics Facility  
  62  5:37  Pylon  
  62  5:40  Probe x2  
  62  5:49  Dark Templar, Stalker  
  66  5:52  Gateway, Probe x2  
  66  5:55  Archon  
  68  6:04  Probe x2  
  70  6:13  Stalker x2  
  70  6:16  Probe x2  
  72  6:27  Stalker  
  72  6:28  Probe  
  71  6:36  Stalker x2  
  61  6:50  Stalker  
  61  6:51  Stalker  
  59  6:55  Probe x3  
  59  6:58  Stalker x2  
  62  7:05  Immortal (Chrono Boost)  
  62  7:07  Probe x2  
  67  7:08  Probe  
  67  7:13  Stalker x4  
  73  7:18  Gateway  
  73  7:19  Probe  
  73  7:21  Gateway  
  74  7:27  Shield Battery  
  74  7:31  Robotics Bay  
  74  7:33  Robotics Facility  
  78  7:37  Probe  
  78  7:38  Probe  
  78  7:39  Probe  
  81  7:44  Stalker  
  81  7:47  Assimilator  
  81  7:51  Assimilator, Forge  
Show
View Real Time Build Order
Export as new Build Order

Neeb Protoss - Winner!

Build Orders: Phoenix Opening, Blink Stalkers 

Get SALT Encoding   

  12  0:00  Probe  
  13  0:12  Probe  
  14  0:17  Pylon  
  14  0:24  Probe (Chrono Boost)  
  15  0:36  Probe (Chrono Boost)  
  15  0:37  Gateway  
  16  0:43  Probe (Chrono Boost)  
  16  0:46  Assimilator  
  17  0:51  Probe  
  18  0:59  Assimilator  
  18  1:03  Probe (Chrono Boost)  
  19  1:08  Gateway  
  19  1:13  Probe (Chrono Boost)  
  19  1:18  Probe (Chrono Boost)  
  20  1:25  Cybernetics Core  
  21  1:29  Probe  
  22  1:37  Pylon  
  22  1:42  Probe  
  23  1:54  Probe  
  24  2:01  Sentry, Stalker, Warp Gate  
  24  2:07  Probe  
  29  2:15  Pylon  
  29  2:19  Probe  
  30  2:34  Phoenix  
  30  2:36  Stalker  
  31  2:49  Nexus  
  31  2:50  Probe  
  32  2:58  Shield Battery  
  32  3:02  Probe  
  35  3:05  Sentry  
  35  3:07  Sentry  
  37  3:14  Pylon  
  37  3:15  Probe (Chrono Boost)  
  38  3:23  Twilight Council  
  39  3:27  Probe (Chrono Boost)  
  39  3:32  Probe (Chrono Boost)  
  40  3:39  Phoenix  
  40  3:42  Forge  
  40  3:43  Probe (Chrono Boost)  
  41  3:49  Probe (Chrono Boost)  
  42  3:57  Blink (Chrono Boost)  
  42  4:01  Probe (Chrono Boost)  
  42  4:02  Probe (Chrono Boost)  
  45  4:10  Probe (Chrono Boost)  
  45  4:13  Probe (Chrono Boost)  
  45  4:14  Protoss Ground Weapons Level 1 (Chrono Boost)  
  45  4:15  Probe (Chrono Boost)  
  46  4:22  Probe  
  48  4:27  Probe  
  48  4:28  Robotics Facility  
  49  4:31  Assimilator  
  49  4:34  Probe  
  49  4:35  Adept x2  
  49  4:37  Pylon  
  54  4:39  Probe  
  55  4:46  Probe  
  55  4:49  Gateway  
  55  4:51  Gateway  
  56  4:57  Stalker  
  56  4:58  Stalker  
  60  5:09  Nexus  
  60  5:16  Probe x2  
  60  5:20  Observer (Chrono Boost)  
  63  5:24  Pylon  
  63  5:25  Stalker x2  
  67  5:28  Probe  
  67  5:29  Probe  
  69  5:40  Probe  
  69  5:42  Probe, Immortal (Chrono Boost)  
  75  5:53  Probe  
  75  5:57  Photon Cannon, Stalker  
  78  6:05  Dark Shrine  
  78  6:06  Pylon  
  78  6:10  Pylon  
  78  6:12  Pylon  
  78  6:16  Pylon  
  78  6:18  Pylon  
  78  6:21  Probe, Immortal  
  77  6:28  Stalker x2  
  77  6:29  Stalker  
  79  6:32  Stalker  
  79  6:34  Probe  
  79  6:37  Probe  
  75  6:52  Probe  
  76  6:55  Stalker  
  76  6:56  Stalker x2  
  76  6:58  Probe  
  76  6:59  Probe  
  76  7:01  Observer  
  83  7:08  Probe  
  83  7:11  Probe x2  
  83  7:12  Stalker  
  88  7:18  Gateway  
  88  7:20  Gateway, Probe  
  89  7:23  Probe  
  89  7:24  Gateway  
  89  7:25  Assimilator, Dark Templar  
  89  7:26  Assimilator, Gateway, Probe  
  89  7:28  Photon Cannon  
  89  7:29  Dark Templar  
  95  7:33  Probe  
  96  7:41  Probe  
  96  7:42  Probe  
  98  7:45  Probe  
  98  7:46  Pylon  
  98  7:48  Pylon, Zealot x2  
  98  7:50  Pylon  

Tags
 
Add a new tag
Caveats
  • Supply blocks, unpowered buildings, or Contaminate may cause inaccurate times.
  • Supply counts are checked every 10 seconds.